 Dungeon Crawl Stone Soup version 0.30-a0-691-g754fce4c43 (webtiles) character file.

Game seed: 12329828191822639719

79 Newt the Trooper (level 4, -2/35 HPs)
             Began as a Demonspawn Gladiator on Jan 19, 2023.
             Slain by an orc wizard
             ... wielding a +0 dagger
              (4 damage)
             ... on level 3 of the Dungeon.
             The game lasted 00:01:22 (1430 turns).

Newt the Trooper (Demonspawn Gladiator)             Turns: 1430, Time: 00:01:22

Health: -2/35      AC:  4    Str: 13 (16) XL:     4   Next: 17%
Magic:  4/4        EV: 12    Int:  8 (10) God:
Gold:   63         SH:  0    Dex: 13 (14) Spells: 3/3 levels left

rFire   . . .      SeeInvis .    o - +0 dagger (drain)
rCold   . . .      Faith    .    (no shield)
rNeg    . . .      Spirit   .    b - +0 leather armour
rPois   .          Reflect  .    (helmet restricted)
rElec   .          Harm     .    (no cloak)
rCorr   .          Rampage  .    (no gloves)
Will    .....                    l - +0 pair of boots
Stlth   ++                       k - amulet of magic regeneration
HPRegen 0.25/turn                (no ring)
MPRegen 0.49/turn                (no ring)

@: mighty, hasted, very quick
A: horns 2, powered by pain 1
a: no special abilities


You were on level 3 of the Dungeon.
You visited 1 branch of the dungeon, and saw 3 of its levels.

You collected 87 gold pieces.
You spent 24 gold pieces at shops.

Inventory:

Hand Weapons
 a - a +0 rapier
 o - a +0 dagger of draining (weapon)
Missiles
 d - 3 throwing nets (quivered)
 e - a javelin
Armour
 b - a +0 leather armour (worn)
 c - a +0 helmet
 l - a +0 pair of boots (worn)
Jewellery
 k - an amulet of magic regeneration (around neck)
Scrolls
 i - 3 scrolls of identify
 n - a scroll of brand weapon {unknown}
Potions
 f - a potion of might
 g - a potion of degeneration
 h - a potion of berserk rage {unknown}
 m - a potion of haste
 p - a potion of lignification {unknown}


   Skills:
 + Level 3.1 Fighting
 - Level 2.6 Short Blades
 - Level 1.7 Throwing
 - Level 2.6 Dodging
 - Level 3.0 Stealth


You had 3 spell levels left.
You didn't know any spells.
Your spell library was empty.

Dungeon Overview and Level Annotations

Branches:
Dungeon (3/15)

Altars:
Qazlal

Shops:
D:1 [:   D:2 *


Innate Abilities, Weirdness & Mutations

You have a pair of horns on your head.
You sometimes gain a little power by taking damage.


Message History

You hit the orc wizard but do no damage.
The orc wizard is lightly wounded.
The orc wizard closely misses you. The orc hits you but does no damage. x2
There are monsters nearby!
You barely miss the orc wizard.
You headbutt the orc wizard, but do no damage.
The orc wizard is lightly wounded.
The orc hits you with a +0 dagger. The orc wizard barely misses you.
Unknown command.
The orc attacks as you move away! The orc hits you with a +0 dagger.
You barely miss the orc. The orc hits you with a +0 dagger.
You hit the orc.
The orc is lightly wounded.
The orc hits you with a +0 dagger.
You hit the orc.
The orc is moderately wounded.
You hit the orc. You drain the orc.
You kill the orc!
The orc wizard casts a spell.
The orc wizard flickers and vanishes!
Deactivating autopickup; reactivate with Ctrl-A.
Okay, then.
You hear some strange, mumbled words.
A puff of flame appears from out of thin air!
The puff of flame hits you!
* * * LOW HITPOINT WARNING * * *
Things that are here:
a +0 dagger; an orc corpse You closely miss something.
Something hits you but does no damage.
It was a potion of degeneration.
There was something very wrong with that liquid.
You feel weakened.
You feel dopey.
You feel clumsy. Something hits you.
* * * LOW HITPOINT WARNING * * *
It was a potion of might.
You feel very mighty all of a sudden. Something hits you.
* * * LOW HITPOINT WARNING * * *
It was a potion of haste.
You feel yourself speed up. Something hits you.
You die...

<..........#
####.##.##.###
.............#
####.##.##.#.#
#.##.##.#.# #.
#.##.#.# #.##.#.#
#.##.#.##########
#.##..o{@........
.. ###.##########
#.##...........
.......)...###.
#####..........#
#...#...#####
#...#...+
#...#..$#
#...#....


You could see an orc.

Vanquished Creatures
  Jessica (D:2)
  An adder (D:2)
  A worm (D:2)
  2 orcs (D:3)
  3 giant cockroaches
  3 goblins
  A hobgoblin (D:2)
  4 jackals (D:1)
  5 kobolds
  A quokka (D:2)
  3 ball pythons
  6 bats
  A frilled lizard (D:1)
  8 rats
40 creatures vanquished.

Notes
Turn   | Place    | Note
-------+----------+-------------------------------------------
     0 | D:1      | Newt the Demonspawn Gladiator began the quest for the Orb.
     0 | D:1      | Reached XP level 1. HP: 16/16 MP: 1/1
    31 | D:1      | Reached skill level 1 in Stealth
    82 | D:1      | Discovered your monstrous ancestry.
    82 | D:1      | Gained mutation: You have a pair of small horns on your
                  | head. [demonic ancestry]
    82 | D:1      | Reached XP level 2. HP: 18/22 MP: 2/2
   267 | D:1      | Found Xevoupo's Antique Armour Emporium.
   559 | D:1      | Found Movu's Vocational Training.
   918 | D:2      | Gained mutation: You sometimes gain a little power by
                  | taking damage. [demonic ancestry]
   918 | D:2      | Reached XP level 3. HP: 27/27 MP: 3/3
   920 | D:2      | Noticed Jessica
   938 | D:2      | Killed Jessica
  1039 | D:2      | Gained mutation: You have a pair of horns on your head.
                  | [demonic ancestry]
  1039 | D:2      | Reached XP level 4. HP: 31/34 MP: 4/4
  1324 | D:2      | Found Woclipo's General Store.
  1327 | D:2      | Bought a scroll of identify for 24 gold pieces
  1358 | D:3      | Found a stormy altar of Qazlal.
  1430 | D:3      | Slain by an orc wizard

Illustrated notes

Levels and vault maps discovered:
D:1:      dpeg_arrival_rooms_b, layout_basic, serial_shops, shop,
          nicolae_shop_vocational
D:2:      layout_rooms, serial_shops, shop_statue, roderic_serpentine_path,
          uniq_jessica
D:3:      layout_basic, nicolae_qazlal_general_emergency,
          nemelex_spade_bored_becter, mainiacjoe_overflow_surrounded_room

Skill      XL: |  1  2  3  4 |
---------------+-------------+-----
Stealth        | 1 2 3 |  3.0
Fighting       | 3 |  3.1
Short Blades   | |  2.6
Throwing       | |  1.7
Dodging        | |  2.6

Action                   |  1- 3 |  4- 6 || total
-------------------------+-------+-------++-------
Melee: Rapier            |    82 |       ||    82
       Headbutt          |    11 |     2 ||    13
       Dagger            |    12 |    21 ||    33
  Use: Potion            |       |     3 ||     3
       Scroll            |       |     1 ||     1
 Stab: Sleeping          |     2 |     2 ||     4
Armor: Leather armour    |    30 |     5 ||    35
Dodge: Dodged            |    69 |    10 ||    79

Table legend: (Time is in decaauts)
 A = Elapsed time spent in this place.
 B = Non-inter-level travel time spent in this place.
 C = Inter-level travel time spent in this place.
 D = Time resting spent in this place.
 E = Time spent auto-exploring this place.
 F = Levels seen in this place.
 G = Mean time per level.
                   A        B        C        D        E       F      G
               +--------+--------+--------+--------+--------+-----+--------+
         Total |   1430 |   1366 |     64 |      0 |   1082 |   3 |  476.7 |
       Dungeon |   1430 |   1366 |     64 |      0 |   1082 |   3 |  476.7 |
               +--------+--------+--------+--------+--------+-----+--------+

Top non-repeatable levels by time:
     D:1: 777 daAuts
     D:2: 561 daAuts
     D:3: 92 daAuts
